 Dungeon Crawl Stone Soup version 0.31-a0-626-g8143ab4f1d (webtiles) character file.

Game seed: 6011370402824451186

697 gruber the Summoner (level 7, 0/46 HPs)
             Began as a Barachi Summoner on Aug 23, 2023.
             Was an Initiate of Sif Muna.
             Slain by a white imp (2 damage)
             ... while paralysed by Grinder
             ... on level 5 of the Dungeon on Aug 24, 2023.
             The game lasted 00:07:21 (4582 turns).

gruber the Summoner (Barachi Summoner)              Turns: 4582, Time: 00:07:21

Health: 0/46       AC:  3    Str: 11    XL:     7   Next: 65%
Magic:  0/10       EV:  2    Int: 17    God:    Sif Muna [......]
Gold:   245        SH:  0    Dex: 13    Spells: 1/10 levels left

rFire   . . .        k - +4 halberd of Nemelex Xobeh's Wrath {heavy, Str+2}
rCold   . . .        (shield currently unavailable)
rNeg    . . .        a - +0 robe
rPois   .            (no helmet)
rElec   .            q - +0 cloak
rCorr   .            (no gloves)
SInv    .            (no boots)
Will    .....        (no amulet)
Stlth   ++           (no ring)
HPRegen 0.27/turn    (no ring)
MPRegen 0.12/turn

%: no passive effects
@: paralysed, slow
A: amphibious, slowness 1, strong legs 1, +LOS
a: Hop, Renounce Religion


You were on level 5 of the Dungeon.
You worshipped Sif Muna.
Sif Muna was noncommittal.
You visited 2 branches of the dungeon, and saw 6 of its levels.

You collected 245 gold pieces.

Inventory:

Hand Weapons
 e - a +0 dagger of venom
 k - the +4 halberd of Nemelex Xobeh's Wrath (weapon) {heavy, Str+2}
   (You found it on level 3 of the Dungeon)

   Str+2:     It affects your strength (+2).
Missiles
 n - 13 poisoned darts
Armour
 a - a +0 robe (worn)
 q - a +0 cloak (worn)
Scrolls
 g - 3 scrolls of torment {unknown}
 h - 3 scrolls of identify {unknown}
 l - 2 scrolls of enchant weapon {unknown}
 m - a scroll of enchant armour {unknown}
 p - a scroll of noise {unknown}
 r - a scroll of acquirement {unknown}
 s - a scroll of amnesia {unknown}
Potions
 b - a potion of magic
 c - a potion of degeneration {unknown}
 d - 3 potions of curing
 f - a potion of enlightenment {unknown}
 i - a potion of heal wounds {unknown}
 j - a potion of lignification {unknown}
 o - 3 potions of mutation {unknown}


   Skills:
 - Level 2.1 Dodging
 - Level 1.7 Stealth
 - Level 2.1 Spellcasting
 + Level 10.9 Summonings


You had one spell level left.
You knew the following spells:

 Your Spells              Type           Power      Damage    Failure   Level
a - Summon Small Mammal   Summ           100%       N/A       1%          1
b - Call Imp              Summ           76%        N/A       1%          2
c - Call Canine Familiar  Summ           38%        N/A       1%          3
d - Summon Guardian Gole  Hex/Summ       20%        N/A       6%          3

Your spell library contained the following spells:

 Spells                   Type           Power      Damage    Failure   Level
 Summon Lightning Spire   Summ/Air       20%        N/A       21%         4


Dungeon Overview and Level Annotations

Branches:
Dungeon (5/15)             Temple (1/1) D:4

Altars:
Ashenzari
Cheibriados
Dithmenos
Elyvilon
Fedhas
Gozag
Hepliaklqana
Kikubaaqudgha
Makhleb
Nemelex Xobeh
Okawaru
Qazlal
Ru
Sif Muna
Trog
Uskayaw
Vehumet
Xom
Yredelemnul

Annotations:
D:3 3 runed translucent doors, Flippered's ghost, amateur KoBr


Innate Abilities, Weirdness & Mutations

You are amphibious.
You cover ground slowly.
You can hop short distances.
You have an extended range of vision and can be seen from far away.


Message History

Your hound bites the white imp but does no damage.
The white imp gestures at you. The puff of frost hits your hound.
Your hound barely misses the white imp.
Unknown command.
Unknown command.
Reach: k) +4 halberd of Nemelex Xobeh's Wrath {heavy, Str+2}
Press: ? - help, Dir - move target, f/p - white imp
Aim: a white imp (lightly wounded, ally target, about 46% to evade the +4 halberd of Nemelex Xobeh's Wrath)
You reach to attack!
You closely miss the white imp.
The white imp is lightly wounded.
Your hound bites the white imp.
The white imp closely misses your hound.
Your hound bites the white imp.
Grinder completely misses you. The white imp barely misses your hound.
Your hound bites the white imp.
Grinder gestures at you.
You struggle to resist.
The white imp hits your hound. The white imp freezes your hound.
Your hound dies!
Your hound's corpse disappears in a puff of smoke!
The white imp shouts!
It was a potion of curing.
You feel better. Grinder hits you.
* * * LOW HITPOINT WARNING * * *
You writhe in agony.
* * * LOW HITPOINT WARNING * * *
Unknown command.
Unknown command.
Unknown command.
Unknown command.
Casting: Call Canine Familiar (safe; 1% risk of failure)
Confirm with . or Enter, or press ? or * to list all spells.
Grinder gestures at you.
You suddenly lose the ability to move!
The white imp hits you.
* * * LOW HITPOINT WARNING * * *
The white imp freezes you.
* * * LOW HITPOINT WARNING * * *
Your wolf bites Grinder.
Grinder dies!
Sif Muna accepts your kill. The white imp hits you.
You die...

#.# #.# #.#
#.# #.# #.#
#.###########.
#..h..........
#@##..........
#5##.#######..
#.##.# #.##.#
#.##.# #.##.#
#.##.# #.##.#
####.##.######


You could see a white imp and a friendly wolf (summoned).

Vanquished Creatures
  Duvessa (D:4)
  An ogre (D:4)
  A kobold brigand (D:4)
  Dowan (D:4)
  2 jellies (D:5)
  2 iguanas (D:4)
  An adder (D:2)
  A worm (D:3)
  2 dart slugs
  An orc (D:3)
  2 bats (D:2)
  2 endoplasms
  A giant cockroach (D:4)
  2 goblins
  2 hobgoblins
  A quokka (D:2)
  3 frilled lizards
  4 kobolds
  3 rats
33 creatures vanquished.

Vanquished Creatures (collateral kills)
  Grinder (D:5)
  A scorpion (D:5)
  A howler monkey (D:4)
  A jelly (D:4)
  An iguana (D:5)
  3 adders
  3 gnolls (D:5)
  A dart slug (D:3)
  5 orcs
  4 endoplasms
  2 giant cockroaches
  A goblin (D:2)
  A hobgoblin (D:3)
  2 bats (D:2)
  A frilled lizard (D:3)
  6 kobolds
34 creatures vanquished.

Grand Total: 67 creatures vanquished

Notes
Turn   | Place    | Note
-------+----------+-------------------------------------------
     0 | D:1      | gruber the Barachi Summoner began the quest for the Orb.
     0 | D:1      | Reached XP level 1. HP: 13/13 MP: 3/3
    53 | D:1      | Reached skill level 5 in Summonings
   446 | D:1      | Reached XP level 2. HP: 17/19 MP: 5/5
   449 | D:1      | Learned a level 2 spell: Call Imp
   850 | D:2      | Reached XP level 3. HP: 21/24 MP: 3/6
  1007 | D:2      | Reached skill level 6 in Summonings
  1535 | D:3      | Learned a level 3 spell: Call Canine Familiar
  1645 | D:3      | Reached XP level 4. HP: 30/30 MP: 4/7
  1737 | D:3      | Identified the +4 halberd of Nemelex Xobeh's Wrath {heavy,
                  | Str+2}
  1804 | D:3      | Noticed a floating eye
  1841 | D:3      | Found a faded altar of an unknown god.
  1864 | D:3      | Noticed a shining eye
  1864 | D:3      | Noticed a shining eye
  1865 | D:3      | Noticed a great orb of eyes
  2064 | D:3      | Found a runed translucent gate.
  2065 | D:3      | Found a runed translucent gate.
  2066 | D:3      | Found a runed translucent gate.
  2067 | D:3      | Noticed Flippered's ghost (amateur KoBr)
  2240 | D:3      | Reached skill level 7 in Summonings
  2425 | D:3      | Noticed a +0 falchion
  2425 | D:3      | Noticed a +0 spear
  2426 | D:3      | Noticed a +0 falchion
  2426 | D:3      | Noticed a +0 dagger
  2427 | D:3      | Noticed a +0 spear
  2428 | D:3      | Noticed a +0 dagger
  2428 | D:3      | Noticed a +0 short sword
  2428 | D:3      | Noticed a +0 short sword
  2431 | D:3      | Found a hide-covered altar of Uskayaw.
  2683 | D:4      | Found a staircase to the Ecumenical Temple.
  2705 | Temple   | Entered the Ecumenical Temple
  2734 | Temple   | Became a worshipper of Sif Muna the Loreminder
  2791 | D:4      | Noticed an ogre
  2820 | D:4      | Killed an ogre
  2821 | D:4      | Reached skill level 8 in Summonings
  2821 | D:4      | Reached XP level 5. HP: 35/35 MP: 0/8
  2942 | D:4      | Noticed a kobold brigand
  3046 | D:4      | Killed a kobold brigand
  3047 | D:4      | Reached XP level 6. HP: 41/41 MP: 3/9
  3229 | D:4      | HP: 1/41 [iguana (12)]
  3234 | D:4      | Reached skill level 9 in Summonings
  3494 | D:4      | Found a snail-covered altar of Cheibriados.
  3711 | D:4      | Noticed Dowan
  3741 | D:4      | Killed Dowan
  3846 | D:4      | Noticed Duvessa
  3898 | D:3      | Upgraded the game from 0.31-a0-620-gd1cbd99268 to
                  | 0.31-a0-626-g8143ab4f1d
  4038 | D:3      | Learned a level 3 spell: Summon Guardian Golem
  4066 | D:4      | Killed Duvessa
  4067 | D:4      | Reached skill level 10 in Summonings
  4067 | D:4      | Reached XP level 7. HP: 46/46 MP: 1/10
  4215 | D:5      | Entered Level 5 of the Dungeon
  4500 | D:5      | Noticed Grinder
  4571 | D:5      | HP: 1/46 [Grinder/nerve-wracking pain (12)]
  4571 | D:5      | Paralysed by Grinder for 4 turns
  4581 | D:5      | Paralysed by Grinder for 3 turns
  4581 | D:5      | HP: 2/46 [white imp (4)]
  4582 | D:5      | Killed Grinder
  4582 | D:5      | Slain by a white imp

Illustrated notes

Levels and vault maps discovered:
D:1:      giann_forest_graveyard, layout_loops_ring, minmay_misc_feat_rows
D:2:      layout_basic
D:3:      layout_rooms, nicolae_uskayaw_en_pointe, ebering_ghost_rock_garden,
          hellmonk_ecumenical_altar_watching_god, minmay_door_square
D:4:      layout_rooms, kennysheep_little_box, minmay_temple_entry_hall,
          uniq_duvessa
D:5:      layout_loops_ring, gammafunk_ghost_hive,
          hangedman_abyss_or_decor_stabs, uniq_grinder
Temple:   bh_familiar_temple

Skill      XL: |  1  2  3  4  5  6 |
---------------+-------------------+-----
Summonings     | 5 6 8 10 | 10.9
Dodging        | |  2.1
Stealth        | |  1.7
Spellcasting   | |  2.1

Action                     |  1- 3 |  4- 6 |  7- 9 || total
---------------------------+-------+-------+-------++-------
  Melee: Unarmed           |    10 |       |       ||    10
         Dagger            |    53 |     4 |       ||    57
         Halberd           |       |    24 |    14 ||    38
   Cast: Summon Small Mamm |    26 |    34 |     2 ||    62
         Call Imp          |     9 |    18 |     1 ||    28
         Call Canine Famil |       |    19 |     8 ||    27
         Summon Guardian G |       |     1 |     5 ||     6
Ability: Hop               |     1 |       |       ||     1
    Use: Potion            |       |       |     1 ||     1
   Stab: Sleeping          |     2 |     1 |       ||     3
         Distracted        |       |     2 |       ||     2
 Armour: Robe              |     8 |     3 |       ||    11
  Dodge: Dodged            |    60 |    27 |    12 ||    99

Table legend: (Time is in decaauts)
 A = Elapsed time spent in this place.
 B = Non-inter-level travel time spent in this place.
 C = Inter-level travel time spent in this place.
 D = Time resting spent in this place.
 E = Time spent auto-exploring this place.
 F = Levels seen in this place.
 G = Mean time per level.
                   A        B        C        D        E       F      G
               +--------+--------+--------+--------+--------+-----+--------+
         Total |   5112 |   4847 |    265 |    158 |   3752 |   6 |  852.0 |
       Dungeon |   5052 |   4840 |    212 |    158 |   3746 |   5 | 1010.4 |
        Temple |     60 |      7 |     53 |      0 |      6 |   1 |   60.0 |
               +--------+--------+--------+--------+--------+-----+--------+

Top non-repeatable levels by time:
     D:4: 1522 daAuts
     D:3: 1431 daAuts
     D:2: 932 daAuts
     D:1: 747 daAuts
     D:5: 419 daAuts
  Temple: 60 daAuts
